Workbook

Sheet SMMLV
B3: SALARIO MÍNIMO MENSUAL LEGAL. AÑO | C3: 2025
B5: SALARIO MÍNIMO MENSUAL LEGAL VIGENTE | C5: 1423500
C7: =+C5*2 -> 2847000

Sheet C-COBRO-IMPRIMIBLE
C4: CUENTA DE COBRO No. | K4: 7
C7: MUNICIPIO DE BARBOSA ANTIOQUIA
C8: NIT. 890,980,445-7
C9: DEBE A:
C11: NOMBRE CONTRATISTA | E11: =+DATOS!C4 -> Eduardo Alexander Gallego Giraldo
C13: N° DOCUMENTO IDENTIDAD | E13: =+DATOS!C10 -> 98504301 | J13: DIRECCIÓN | L13: =+DATOS!C6 -> carrera 19 #13-26
C15: CORREO ELECTRONICO | E15: =+DATOS!C8 -> Alex.m1107@hotmail.com | J15: COTIZANTE S.S. A FONDO DE PENSIÓN | M15: =+DATOS!C12 -> Protección
C17: N° CELULAR | E17: =+DATOS!C14 -> 3104117539 | I17: =+DATOS!C26 -> 30 | J17: PERIODO | K17: 01 al 25 de julio
C19: =+DATOS!B16 -> OBJETO | D19: =+DATOS!C16 -> Prestación de servicio de apoyo a la gestión como gestor pedagogico de movilidad y seguridad vial en el municipio de Barbosa-Antioquia
C21: CONCEPTO DEL INGRESO | H21: NUMERO DE CONTRATO | I21: VALOR MES | K21: VALOR EN LETRAS
C22: Honorarios / Servicios Profesionales | D22: =+DATOS!C18 -> 0 | E22: Servicios Técnicos | G22: =+DATOS!C20 -> 0 | H22: 082-2026 | I22: =+DATOS!C28 -> 3.033.450 | K22: =+DATOS!C30 -> tres millones treinta y tres mil cuatrocientos cincuenta pesos
J24: AÑO | K24: VALOR
C25: SALARIO MÍNIMO MENSUAL LEGAL VIGENTE | J25: 2026 | K25: 1750905
C27: Documentos Anexos a Cuenta de Cobro | H27: CALCULO APORTES OBLIGATORIOS A SEGURIDAD SOCIAL (SALUD, PENSIÓN Y ARL)
C28: Planilla y pagos a Seguridad Social | E28: Solicitud Aportes Cuentas AFC | H28: CONCEPTO | K28: IBC | L28: % COTIZACIÓN | M28: VALOR APORTE
D29: =+DATOS!C33 -> SI | F29: =+DATOS!C34 -> NO | H29: Aporte obligatorio a PENSIÓN (16,0%) Mínimo | K29: =K25 -> 1750905 | L29: 0.16 | M29: =+K29*L29 -> 280144.8
C30: Solicitud Aportes Fondo de pensiones voluntarias | D30: =+DATOS!C35 -> NO | E30: Certificado de Dependientes | F30: =+DATOS!C40 -> 0 | H30: Aporte obligatorio a SALUD (12,5%) Mínimo | K30: =+K29 -> 1750905 | L30: 0.125 | M30: =+K30*L30 -> 218863.12
H31: Aportes a Riesgos Laborales (ARL) Mínimo | K31: =+K30 -> 1750905 | L31: =+DATOS!C42 -> 0 | M31: =+K31*L31 -> 0
C32: Manifiesto bajo la gravedad de juramento que en el soporte adjunto, he incluido como base de seguridad social el 40% de los ingresos de esta cuenta de cobro. | H32: TOTAL APORTES OBLIGATORIOS | M32: =SUM(M29:M31) -> 499007.92
H34: NOTA: Bajo la gravedad de juramento informo que Sobre los ingresos percibidos SI( ) o NO (x) se tomarán costos o deducciones asociados a dichas rentas, conforme a lo establecido en los artículos 1.2.4.1.6. y 1.2.4.1.17 del decreto único reglamentario 1625 del 2016.
C38: Favor realizar consignación a la Cuenta Bancaria No. | I38: =+DATOS!C43 -> Banco de bogota | L38: TIPO CUENTA
I39: =+DATOS!C44 -> 349339218 | L39: =+DATOS!C46 -> ahorros
C42: Se firma en: | D42: =+DATOS!C50 -> Barbosa Antioquia | I42: , a los | J42: 25 de julio 2026
F45: FIRMA DEL CONTRATISTA
F46: =+E11 -> Eduardo Alexander Gallego Giraldo | J46: C.C. No. | L46: =+E15 -> Alex.m1107@hotmail.com
C47: Cuenta de Cobro. Version Nueve | N47: {=A1:N47} -> 0

Sheet .

Sheet DATOS
B2: DATOS DE LA CUENTA DE COBRO | C2: 5
B4: NOMBRE CONTRATISTA | C4: Eduardo Alexander Gallego Giraldo
B6: DIRECCION | C6: carrera 19 #13-26
B8: CORREO ELECTRÓNICO | C8: Alex.m1107@hotmail.com
B10: DOCUMENTO DE IDENTIDAD | C10: 98504301
B12: COTIZANTE S.S. A FONDO DE PENSIÓN | C12: Protección
B14: TÉLEFONO/CELULAR | C14: 3104117539
B16: OBJETO | C16: Prestación de servicio de apoyo a la gestión como gestor pedagogico de movilidad y seguridad vial en el municipio de Barbosa-Antioquia
B18: HONORARIOS PROFESIONAL
B20: SERVICIOS TÉCNICOS
B22: NUMERO DE CONTRATO | C22: 082-2026
B24: PERIODO | C24: 01 al 30 de mayo 2026
B26: DIAS DE SERVICIO | C26: 30
B28: VALOR DE COBRO MENSUAL | C28: 3.033.450
B30: VALOR EN LETRAS | C30: tres millones treinta y tres mil cuatrocientos cincuenta pesos
B32: Documentos Anexos a Cuenta de Cobro
B33: Planilla y pagos a Seguridad Social | C33: SI
B34: Solicitud Aportes Cuentas AFC | C34: NO
B35: Solcitud Aportes Fondo de pensiones voluntarias | C35: NO
B37: Documentos Anexos a Para Deducciones
B38: Certificado de pago intereses de vivienda o Costo Financiero Leasing Habitacional.
B39: Certificación de pagos por salud medicina prepagada.
B40: Certificado de Dependientes
B42: % APORTES A RIESGOS
B43: ENTIDAD BANCARIA | C43: Banco de bogota
B44: NÚMERO CUENTA BANCARIA | C44: 349339218
B46: TIPO DE CUENTA | C46: ahorros
B48: DE QUE BANCO ES LA CUENTA BANCARIA | C48: ABRIAQUI O ABRIALLA
B50: LUGAR DE FIRMA CUENTA | C50: Barbosa Antioquia
B52: FECHA DE FIRMA CUENTA | C52: 30 de mayo 2026

Sheet ..
